 Dungeon Crawl Stone Soup version 0.27-a0-965-gbf8bb431c4 (webtiles) character file.

Game seed: 1967203456843234396

263 polve the Cutter (level 5, -2/41 HPs)
             Began as a Demonspawn Abyssal Knight on Apr 12, 2021.
             Was a Believer of Lugonu.
             Splashed by a jelly's acid (4 damage)
             ... on level 4 of the Dungeon.
             The game lasted 00:02:59 (4376 turns).

polve the Cutter (Demonspawn Abyssal Knight)        Turns: 4376, Time: 00:02:59

Health: -2/41      AC: -2    Str: 13    XL:     5   Next: 97%
Magic:  15/15      EV: 11    Int: 13    God:    Lugonu [**....]
Gold:   154        SH:  4    Dex: 13    Spells: 4/4 levels left

rFire    . . .     SeeInvis .   a - +1 short sword
rCold    . . .     Faith    .   (no shield)
rNeg     . . .     Spirit   .   b - +0 leather armour
rPois    .         Reflect  .   (no helmet)
rElec    .         Harm     .   i - +0 cloak
rCorr    .         Rampage  .   k - +0 pair of gloves
Will     +....                  (no boots)
Stlth    +.........             (no amulet)
HPRegen  0.13/turn              c - ring of magical power
MPRegen  0.14/turn              j - ring of willpower

@: corroded
A: talons 2, condensation shield
a: Renounce Religion, Depart the Abyss, Bend Space


You were on level 4 of the Dungeon.
You worshipped Lugonu.
Lugonu was pleased with you.
You visited 1 branch of the dungeon, and saw 4 of its levels.
You visited the Abyss 1 time.

You collected 154 gold pieces.

Inventory:

Hand Weapons
 a - a +1 short sword (weapon)
Armour
 b - a +0 leather armour (worn)
 i - a +0 cloak (worn)
 k - a +0 pair of gloves (worn)
Jewellery
 c - a ring of magical power (left hand)
 j - a ring of willpower (right hand)
Scrolls
 d - 3 scrolls of identify {unknown}
 f - a scroll of immolation {unknown}
 g - a scroll of fear {unknown}
 m - 2 scrolls of acquirement {unknown}
 n - a scroll of teleportation {unknown}
 p - a scroll of amnesia {unknown}
 q - a scroll of vulnerability {unknown}
 r - a scroll of silence {unknown}
 s - a scroll of brand weapon {unknown}
Potions
 e - a potion of might
 h - 2 potions of invisibility {unknown}
 l - a potion of haste {unknown}
 o - a potion of degeneration {unknown}


   Skills:
 - Level 3.0 Fighting
 - Level 4.2 Short Blades
 + Level 4.2 Armour
 - Level 0.8 Dodging
 - Level 2.4 Invocations


You had 4 spell levels left.
You didn't know any spells.
Your spell library contained the following spells:

 Spells                   Type           Power      Damage    Failure   Level
 Beastly Appendage        Tmut           0%         N/A       36%         1
 Wereblood                Tmut           0%         N/A       50%         2
 Spider Form              Tmut/Pois      0%         N/A       75%         3
 Ice Form                 Ice/Tmut       0%         N/A       98%         4
 Hydra Form               Tmut           0%         N/A       100%        5


Dungeon Overview and Level Annotations

Branches:
Dungeon (4/15)
 Temple: D:4-7

Altars:
Cheibriados
Vehumet
Yredelemnul


Innate Abilities, Weirdness & Mutations

You have razor-sharp toenails.
A meltable shield of frost defends you. (SH +4)


Message History

You are too injured to fight recklessly!
You are too injured to fight recklessly!
You are too injured to fight recklessly!
You are too injured to fight recklessly!
You are too injured to fight recklessly!
You are too injured to fight recklessly!
You are too injured to fight recklessly!
You are too injured to fight recklessly!
You are too injured to fight recklessly!
A jelly is nearby!
You hit the jelly.
Your hands burn!
You claw the jelly, but do no damage.
The jelly is lightly wounded.
The jelly hits you but does no damage.
You barely miss the jelly. You claw the jelly.
The jelly is moderately wounded.
You block the jelly's attack.
You hit the jelly but do no damage.
Your hands burn!
The jelly is moderately wounded.
The jelly closely misses you.
You barely miss the jelly.
The jelly is moderately wounded.
The jelly hits you but does no damage.
You hit the jelly. The acid corrodes you!
Your hands burn!
The jelly is moderately wounded.
You hit the jelly.
Your hands burn!
You claw the jelly, but do no damage.
The jelly is severely wounded.
The jelly barely misses you.
You hit the jelly but do no damage.
Your hands burn!
You claw the jelly, but do no damage.
The jelly is severely wounded.
The jelly barely misses you.
You hit the jelly but do no damage.
Your hands burn!
* * * LOW HITPOINT WARNING * * *
The jelly is severely wounded.
The jelly hits you.
* * * LOW HITPOINT WARNING * * *
You are splashed with acid!
* * * LOW HITPOINT WARNING * * *
You hit the jelly.
Your hands burn!
You die...

.####.........
..##...†##.##### #.
...........#.... ..
..###.##.......# ..
#.##.....###.. .#
#.##..##..## # .#
.##..###..## .# #..
#..####..#####.#.....
#.......<....@J$.....
.......##.....#..##..
..###.#. ##......##
.. #... #.....<.#
##.....#####.# #.....
.# ...## .. ..# .#


You could see a jelly.

Vanquished Creatures
  A scorpion (D:4)
  A hound (D:3)
  Crazy Yiuf (D:2)
  Jessica (D:2)
  An orc wizard (D:3)
  An adder (D:4)
  An adder zombie (D:3)
  An adder skeleton (D:3)
  7 orcs (D:3)
  9 bats
  9 endoplasms
  3 giant cockroaches (D:1)
  5 goblins
  A hobgoblin (D:2)
  6 jackals (D:3)
  4 kobolds
  3 quokkas
  4 ball pythons
  A ball python zombie (D:3)
  8 frilled lizards
  A jackal skeleton (D:4)
  A jackal zombie (D:3)
  A quokka zombie (D:3)
  5 rats
76 creatures vanquished.

Notes
Turn   | Place    | Note
-------+----------+-------------------------------------------
     0 | Abyss:1  | polve the Demonspawn Abyssal Knight began the quest for the
                  | Orb.
     0 | Abyss:1  | Reached XP level 1. HP: 18/18 MP: 2/2
    33 | Abyss:1  | Found a corrupted altar of Lugonu.
    93 | Abyss:1  | Noticed a chaos spawn
   112 | Abyss:1  | Noticed a thrashing horror
   115 | D:1      | Escaped the Abyss
   299 | D:1      | Reached * piety under Lugonu
   569 | D:1      | Gained mutation: A meltable shield of frost defends you.
                  | (SH +4) [demonic ancestry]
   569 | D:1      | Reached XP level 2. HP: 17/24 MP: 3/3
  1861 | D:2      | Noticed Jessica
  1865 | D:2      | Gained mutation: You have sharp toenails. [demonic
                  | ancestry]
  1865 | D:2      | Reached XP level 3. HP: 26/29 MP: 4/4
  1870 | D:2      | Killed Jessica
  2250 | D:2      | Found a runed translucent door.
  2251 | D:2      | Noticed Crazy Yiuf
  2691 | D:2      | Killed Crazy Yiuf
  2692 | D:2      | Gained mutation: You have razor-sharp toenails. [demonic
                  | ancestry]
  2692 | D:2      | Reached XP level 4. HP: 35/35 MP: 2/5
  2831 | D:3      | Found a basalt altar of Yredelemnul.
  2951 | D:3      | Found a snail-covered altar of Cheibriados.
  2954 | D:3      | Found a radiant altar of Vehumet.
  3003 | D:3      | Reached ** piety under Lugonu
  3296 | D:3      | Reached XP level 5. HP: 30/41 MP: 6/6
  3833 | D:3      | You fall into a shaft and drop 1 floor!
  4210 | D:3      | Found a faded altar of an unknown god.
  4375 | D:4      | HP: 2/41 [acid (9)]
  4376 | D:4      | Splashed by a jelly's acid

Illustrated notes

Levels and vault maps discovered:
D:1:      arrival_zaba_pyramid, layout_loops_corners, serial_forest,
          infiniplex_forest_lined_room_2, infiniplex_forest_clump_diagonal,
          infiniplex_forest_zigzag_2, infiniplex_forest_zigzag_1,
          infiniplex_forest_end_1, infiniplex_forest_clump_diagonal,
          infiniplex_forest_end_2, infiniplex_forest_fountain,
          chequers_serial_rivers_room_a
D:2:      layout_loops_cross, minivault_23, uniq_jessica,
          uniq_crazy_yiuf_cottage
D:3:      layout_loops_ring, nicolae_yredelemnul_corpse_copse,
          jmf_multi_god_temple, hellmonk_ecumenical_altar_arch_garden,
          minmay_misc_feat_pillars, chequers_serial_rivers_micro_d
D:4:      layout_rooms, serial_shops, shop, uniq_menkaure

Skill      XL: |  1  2  3  4  5 |
---------------+----------------+-----
Short Blades   | 2 3 4 |  4.2
Armour         | 2 4 |  4.2
Fighting       | |  3.0
Dodging        | |  0.8
Invocations    | |  2.4

Action                   |  1- 3 |  4- 6 || total
-------------------------+-------+-------++-------
Melee: Short sword       |    98 |   159 ||   257
       Unarmed           |     8 |       ||     8
       Kick              |     4 |    37 ||    41
Invok: Depart the Abyss  |     1 |       ||     1
  Use: Potion            |     2 |     1 ||     3
 Stab: Sleeping          |     1 |       ||     1
Armor: Leather armour    |    22 |    39 ||    61
       Skin              |     5 |       ||     5
Dodge: Dodged            |    57 |    66 ||   123
Block: Other             |    12 |    25 ||    37

Table legend: (Time is in decaauts)
 A = Elapsed time spent in this place.
 B = Non-inter-level travel time spent in this place.
 C = Inter-level travel time spent in this place.
 D = Time resting spent in this place.
 E = Time spent auto-exploring this place.
 F = Levels seen in this place.
 G = Mean time per level.
                   A        B        C        D        E       F      G
               +--------+--------+--------+--------+--------+-----+--------+
         Total |   4351 |   4237 |    114 |     16 |   3689 |   5 |  870.2 |
       Dungeon |   4236 |   4122 |    114 |     16 |   3596 |   4 | 1059.0 |
         Abyss |    115 |    115 |      0 |      0 |     93 |   1 |  115.0 |
               +--------+--------+--------+--------+--------+-----+--------+

Top non-repeatable levels by time:
     D:1: 1704 daAuts
     D:3: 1387 daAuts
     D:2: 999 daAuts
     D:4: 145 daAuts
 Abyss:1: 115 daAuts
